 Dungeon Crawl Stone Soup version 0.26-a0-651-gb41185065b (webtiles) character file.

Game seed: 13971728838253233267

31 Lanoc the Charlatan (level 3, -1/15 HPs)
             Began as a Felid Artificer on Oct 28, 2020.
             Slain by an orc wizard
             ... wielding a +0 dagger
              (3 damage)
             ... on level 3 of the Dungeon.
             The game lasted 00:02:19 (700 turns).

Lanoc the Charlatan (Felid Artificer)                Turns: 700, Time: 00:02:19

Health: -1/15      AC:  1    Str:  8    XL:     3   Next: 7%
Magic:  4/4        EV: 19    Int: 12    God:
Gold:   16         SH:  0    Dex: 17    Spells: 2/2 levels left
                                        Lives:  0   Deaths: 0

rFire    . . .     SeeInvis +   (weapon unavailable)
rCold    . . .     Faith    .   (shield unavailable)
rNeg     . . .     Spirit   .   (armour unavailable)
rPois    .         Reflect  .   (helmet unavailable)
rElec    .         Harm     .   (cloak unavailable)
rCorr    .         Rampage  .   (gloves unavailable)
MR       .....                  (boots unavailable)
Stlth    ++........             (no amulet)
HPRegen  0.05/turn              (no ring)
MPRegen  0.09/turn              (no ring)

@: quick
A: very small, no armour, no weapons or thrown items, stealth, claws 1, fangs 3,
see invisible, speed 1, shaggy fur 1, sharp paws
a: no special abilities


You were on level 3 of the Dungeon.
You visited 1 branch of the dungeon, and saw 3 of its levels.

You collected 16 gold pieces.

Inventory:

Wands
 a - a wand of flame (12)
 b - a wand of enslavement (9)
 c - a wand of random effects (12)
Scrolls
 d - a scroll of noise {unknown}
 e - a scroll of blinking {unknown}
 g - a scroll of fog {unknown}
Potions
 f - a potion of haste {unknown}


   Skills:
 + Level 1.6 Fighting
 + Level 3.7 Dodging
 - Level 1.3 Stealth
 + Level 0.1 Unarmed Combat
 * Level 4.0 Evocations


You had 2 spell levels left.
You didn't know any spells.
Your spell library was empty.

Dungeon Overview and Level Annotations

Branches:
Dungeon (3/15)

Altars:


Innate Abilities, Weirdness & Mutations

You cannot wear armour.
You are incapable of wielding weapons or throwing items.
Your paws allow you to move quietly. (Stealth)
You have sharp claws.
You have razor-sharp teeth.
You have supernaturally acute eyesight. (SInv)
You cover ground quickly.
You are covered in fur. (AC +1)
Your sharp claws are effective at attacking unaware monsters.


Message History

The orc wizard casts a spell at you. The magic dart hits you.
The orc wizard hits you with a +0 dagger.
* * * LOW HITPOINT WARNING * * *
You are too injured to fight recklessly!
Evoke which item? (* to show all) (? for menu, Esc to quit)
Aiming: Throw Flame
Press: ? - help, Shift-Dir - straight line, f - orc wizard
Aim: an orc wizard, wielding a +0 dagger and wearing a cursed +0 robe (moderately wounded, fast)
The puff of flame misses the orc wizard.
The orc wizard completely misses you.
Evoke which item? (* to show all) (? for menu, Esc to quit)
Aiming: Throw Flame
Press: ? - help, Shift-Dir - straight line, f/p - orc wizard
Aim: an orc wizard, wielding a +0 dagger and wearing a cursed +0 robe (moderately wounded, fast)
The puff of flame hits the orc wizard.
The orc wizard is moderately wounded.
The orc wizard completely misses you.
The orc wizard hits you with a +0 dagger.
You die...

##
.#############
...†.†.......#
.###########.#
.# #O# .# #.#
.# #.##### .#
#....@# ##
#####o# ######
#)# ####....#
#.# ...#.##.#
#)# ##.#)##.#
#.# ......^>#
#.# ##.#.####
#.#
##.#.######
#.#


You could see an orc wizard (fast).

Vanquished Creatures
  An adder (D:2)
  A worm (D:2)
  A leopard gecko (D:2)
  A giant cockroach (D:3)
  2 goblins (D:2)
  2 hobgoblins (D:2)
  4 bats
  A kobold (D:3)
  A kobold zombie (D:2)
14 creatures vanquished.

Vanquished Creatures (collateral kills)
  A dart slug (D:2)
  3 orcs (D:3)
  A giant cockroach (D:2)
  A kobold (D:2)
6 creatures vanquished.

Vanquished Creatures (others)
  An ogre (D:3)
1 creature vanquished.

Grand Total: 21 creatures vanquished

Notes
Turn   | Place    | Note
-------+----------+-------------------------------------------
     0 | D:1      | Lanoc the Felid Artificer began the quest for the Orb.
     0 | D:1      | Reached XP level 1. HP: 9/9 MP: 2/2
   253 | D:2      | Reached XP level 2. HP: 4/12 MP: 3/3
   539 | D:2      | Noticed an ice beast
   559 | D:3      | Reached skill level 4 in Evocations
   596 | D:3      | Noticed an ogre
   657 | D:3      | Reached XP level 3. HP: 10/15 MP: 4/4
   700 | D:3      | Slain by an orc wizard

Illustrated notes

Levels and vault maps discovered:
D:1:      tarquinn_simple_flora_water_f, layout_basic,
          nemelex_diamond_rough_becter
D:2:      layout_basic, st_stairs_13, serial_park_tiny_pond,
          minmay_misc_feat_columns, dk_yredelemnul_ordeal
D:3:      layout_basic, chequers_temple_overflow_statue_of_worship,
          kiku_gazebo_pond_becter

Skill      XL: |  1  2 |
---------------+-------+-----
Evocations     | 4 |  4.0
Fighting       | |  1.6
Dodging        | |  3.7
Stealth        | |  1.3
Unarmed Combat | |  0.1

Action                   || total
-------------------------++-------
Melee: Unarmed           ||    52
       Bite              ||     4
Evoke: Wand              ||    12
 Stab: Sleeping          ||     1
       Distracted        ||     1
Armor: Skin              ||     6
Dodge: Dodged            ||    59

Table legend: (Time is in decaauts)
 A = Elapsed time spent in this place.
 B = Non-inter-level travel time spent in this place.
 C = Inter-level travel time spent in this place.
 D = Time resting spent in this place.
 E = Time spent auto-exploring this place.
 F = Levels seen in this place.
 G = Mean time per level.
                   A        B        C        D        E       F      G
               +--------+--------+--------+--------+--------+-----+--------+
         Total |    662 |    655 |      7 |      0 |    465 |   3 |  220.7 |
       Dungeon |    662 |    655 |      7 |      0 |    465 |   3 |  220.7 |
               +--------+--------+--------+--------+--------+-----+--------+

Top non-repeatable levels by time:
     D:2: 494 daAuts
     D:3: 136 daAuts
     D:1: 31 daAuts
